 Dungeon Crawl Stone Soup version 0.31-a0-358-gac0dbeb3ab (webtiles) character file.

Game seed: 4331321921419291023

935 CraigForest the Conjurer (level 7, -5/57 HPs)
             Began as a Green Draconian Conjurer on July 25, 2023.
             Killed from afar by a steam dragon (12 damage)
             ... with a ball of steam
             ... on level 5 of the Dungeon.
             The game lasted 00:25:47 (4161 turns).

CraigForest the Conjurer (Green Draconian Conjurer) Turns: 4161, Time: 00:25:48

Health: -5/57      AC: 10    Str: 17    XL:     7   Next: 87%
Magic:  10/10      EV: 14    Int: 19    God:
Gold:   131        SH:  0    Dex: 16    Spells: 7/10 levels left

rFire   . . .        d - +9 short sword "Egiabrast" {pain, Dex+7}
rCold   . . .        (no shield)
rNeg    . . .        (body armour unavailable)
rPois   +            (helmet restricted)
rElec   .            (no cloak)
rCorr   .            (no gloves)
SInv    .            (no boots)
Will    .....        (no amulet)
Stlth   +++          i - +6 ring of strength
HPRegen 0.29/turn    j - +4 ring of protection
MPRegen 0.12/turn

%: no passive effects
@: no status effects
A: breathe noxious fumes, AC +6, unfitting armour, poison resistance,
cold-blooded
a: Breathe Noxious Fumes


You were on level 5 of the Dungeon.
You visited 1 branch of the dungeon, and saw 5 of its levels.

You collected 131 gold pieces.

Inventory:

Hand Weapons
 d - the +9 short sword "Egiabrast" (weapon) {pain, Dex+7}
   (You found it on level 2 of the Dungeon)

   Dex:       It affects your dexterity (+7).
 h - a +0 dagger
 k - a +0 short sword
 u - a +1 short sword of flaming
Jewellery
 i - a +6 ring of strength (left hand)
 j - a +4 ring of protection (right hand)
 n - a +6 ring of intelligence
Talismans
 m - a serpent talisman
 o - a blade talisman
 t - a beast talisman
Wands
 r - a wand of polymorph (4)
Scrolls
 g - 2 scrolls of blinking {unknown}
 l - a scroll of vulnerability {unknown}
 p - a scroll of enchant armour {unknown}
 q - a scroll of poison {unknown}
 s - 2 scrolls of identify {unknown}
Potions
 a - a potion of magic
 b - a potion of curing {unknown}
 e - a potion of lignification {unknown}
 f - a potion of degeneration {unknown}


   Skills:
 + Level 3.4 Fighting
 + Level 4.9 Short Blades
 + Level 4.2 Dodging
 + Level 4.1 Stealth
 + Level 0.2 Unarmed Combat
 + Level 2.1 Spellcasting
 + Level 4.9 Conjurations


You had 7 spell levels left.
You knew the following spells:

 Your Spells              Type           Power      Damage    Failure   Level
a - Magic Dart            Conj           80%        1d7       2%          1
b - Searing Ray           Conj           40%        2d5       3%          2

Your spell library contained the following spells:

 Spells                   Type           Power      Damage    Failure   Level
 Dazzling Flash           Conj/Hex       22%        N/A       19%         3
 Ensorcelled Hibernation  Hex/Ice        4%         N/A       26%         2
 Passwall                 Tmut/Erth      1%         N/A       26%         2
 Frozen Ramparts          Ice            4%         1d1       45%         3
 Swiftness                Air            2%         N/A       45%         3
 Volatile Blastmotes      Fire/Tloc      4%         2d10      45%         3
 Fulminant Prism          Conj/Hex       5%         3d6       52%         4
 Iskenderun's Mystic Bla  Conj/Tloc      11%        2d4       52%         4
 Petrify                  Tmut/Erth      2%         N/A       86%         4
 Metabolic Englaciation   Hex/Ice        1%         N/A       99%         5
 Starburst                Conj/Fire      5%         6d4       100%        6
 Maxwell's Capacitive Co  Air            1%         ∞         100%        8


Dungeon Overview and Level Annotations

Branches:
Dungeon (5/15)
 Temple: D:4-7

Altars:
Elyvilon
Vehumet

Shops:
D:1 (!!=


Innate Abilities, Weirdness & Mutations

You can breathe blasts of noxious fumes.
Your lurid green scales are hard. (AC +6)
You cannot fit into any form of body armour.
Your system is resistant to poisons. (rPois)
You are cold-blooded and may be slowed by cold attacks.


Message History

The steam dragon hisses angrily.
The steam dragon breathes steam at you. The ball of steam hits you!
You hit the steam dragon.
The steam dragon is lightly wounded.
You are engulfed in a cloud of scalding steam.
The steam dragon bites you but does no damage.
The steam dragon misses you.
You hit the steam dragon.
The steam dragon is lightly wounded.
The steam dragon bites you but does no damage.
The steam dragon closely misses you.
You puncture the steam dragon!
The steam dragon is moderately wounded.
The steam dragon bites you.
The steam dragon claws you but does no damage.
You closely miss the steam dragon.
Your tail-slap misses the steam dragon.
The steam dragon is moderately wounded.
The steam dragon breathes steam at you. The ball of steam hits you!
The steam dragon breathes steam at you. The ball of steam hits you!
* * * LOW HITPOINT WARNING * * *
The steam dragon bites you but does no damage.
The steam dragon claws you but does no damage.
You hit the steam dragon. Your punch misses the steam dragon.
The steam dragon is heavily wounded.
You puncture the steam dragon!
The steam dragon is severely wounded.
The steam dragon bites you.
* * * LOW HITPOINT WARNING * * *
The steam dragon closely misses you.
You hit the steam dragon but do no damage.
The steam dragon is severely wounded.
The steam dragon closely misses you. The steam dragon misses you.
You barely miss the steam dragon.
Your tail-slap misses the steam dragon.
The steam dragon is severely wounded.
The steam dragon breathes steam at you. The ball of steam hits you!
You die...

..# #.. #.# #.# ####
#.# #.# ....###
#.####.# #..§..
#.♣PP#.#
#.☼§§.##....#.#####.#)
##.._....P..⌠..<..>....
+..........♣...........
#.○......###D@##....#.
##...#.#####..# .#.##
### #........##.####.
########.........
####.##### #


You could see a steam dragon (catching breath).

Vanquished Creatures
  Sigmund (D:4)
  A steam dragon (D:4)
  Duvessa (D:4)
  The ghost of Newt the Changeling, an amateur MfSh (D:3)
  Dowan (D:4)
  2 bullfrog zombies (D:3)
  A hound (D:4)
  2 jellies (D:4)
  2 sleepcaps (D:4)
  An orc wizard (D:3)
  A killer bee zombie (D:3)
  5 adders
  4 dart slugs
  9 orcs
  8 endoplasms
  2 giant cockroaches (D:3)
  9 goblins
  12 hobgoblins
  5 jackals
  3 quokkas
  10 ball pythons
  2 bats
  4 frilled lizards
  8 kobolds
  7 rats
  A spectral goblin (D:2)
103 creatures vanquished.

Notes
Turn   | Place    | Note
-------+----------+-------------------------------------------
     0 | D:1      | CraigForest the Draconian Conjurer began the quest for the
                  | Orb.
     0 | D:1      | Reached XP level 1. HP: 14/14 MP: 3/3
     2 | D:1      | You fall into a shaft and drop 1 floor!
   197 | D:2      | Identified the +9 short sword "Egiabrast" {pain, Dex+7}
   301 | D:2      | Reached XP level 2. HP: 15/20 MP: 5/5
   435 | D:2      | Found a faded altar of an unknown god.
   690 | D:2      | Reached XP level 3. HP: 26/26 MP: 6/6
  1072 | D:1      | Found Lywusy's Distillery.
  1145 | D:1      | Found Votri's Weapon Emporium.
  1365 | D:1      | Found Dicriq's Jewellery Boutique.
  1473 | D:1      | Reached skill level 1 in Short Blades
  1476 | D:1      | Found Numutidi's Distillery.
  1961 | D:3      | Reached XP level 4. HP: 34/34 MP: 7/7
  1989 | D:3      | Found a runed translucent gate.
  1990 | D:3      | Found a runed translucent gate.
  1997 | D:3      | Found a runed translucent gate.
  2148 | D:3      | Noticed Newt's ghost (amateur MfSh)
  2173 | D:3      | Reached skill level 1 in Fighting
  2224 | D:3      | Found a white marble altar of Elyvilon.
  2232 | D:3      | Became a worshipper of Elyvilon the Healer
  2262 | D:3      | Was placed under penance by Elyvilon
  2333 | D:3      | Fell from the grace of Elyvilon
  2335 | D:3      | Reached XP level 5. HP: 40/40 MP: 8/8
  2467 | D:3      | Killed Newt's ghost
  2478 | D:3      | Reached XP level 6. HP: 13/48 MP: 9/9
  3068 | D:4      | Noticed Sigmund
  3111 | D:4      | Killed Sigmund
  3112 | D:4      | Your scales start taking on a lurid green colour.
  3112 | D:4      | Reached XP level 7. HP: 38/56 MP: 10/10
  3112 | D:4      | Gained mutation: Your system is resistant to poisons.
                  | (rPois) [Green Draconian growth]
  3233 | D:4      | Noticed Duvessa
  3233 | D:4      | Noticed Dowan
  3264 | D:4      | Killed Duvessa
  3272 | D:4      | Killed Dowan
  3481 | D:4      | Noticed a steam dragon
  3490 | D:4      | Killed a steam dragon
  3610 | D:4      | Learned a level 2 spell: Searing Ray
  4129 | D:5      | Entered Level 5 of the Dungeon
  4133 | D:5      | Found a radiant altar of Vehumet.
  4147 | D:5      | Noticed a steam dragon
  4161 | D:5      | Killed from afar by a steam dragon

Illustrated notes

Levels and vault maps discovered:
D:1:      sevenhm_arrival_forest_fort_large_3, layout_loops_ring, serial_shops,
          nicolae_shop_peninsula, shop, nicolae_shop_advertising_works
          [nicolae_subvault_shop_adworks], shop
D:2:      layout_loops_corners, dreamdust_ecumenical_altar_drowned_temple,
          corexii_hall_statues_x, minmay_hedge_maze
D:3:      layout_rooms, mainiacjoe_overflow_surrounded_room,
          gammafunk_ghost_necromancy, minmay_shallow_snake_nest
D:4:      layout_cave_pods, uniq_duvessa, uniq_sigmund
D:5:      layout_loops_corners, mainiacjoe_overflow_paths, fiery_altar_vehumet,
          serial_demonic, serial_demonic_b, serial_demonic_g, serial_demonic_e,
          serial_demonic_e, serial_demonic_g

Skill      XL: |  1  2  3  4  5  6  7 |
---------------+----------------------+-----
Stealth        | 2 3 4 |  4.1
Short Blades   | 1 2 3 4 |  4.9
Dodging        | 2 3 4 |  4.2
Fighting       | 1 2 3 |  3.4
Unarmed Combat | |  0.2
Spellcasting   | |  2.1
Conjurations   | |  4.9

Action                     |  1- 3 |  4- 6 |  7- 9 || total
---------------------------+-------+-------+-------++-------
  Melee: Unarmed           |    40 |       |       ||    40
         Short sword       |    80 |   138 |    56 ||   274
         Tailslap          |    10 |    19 |    11 ||    40
         Punch             |     1 |     2 |     1 ||     4
   Cast: Searing Ray       |       |       |     1 ||     1
   Stab: Sleeping          |    10 |     4 |       ||    14
 Armour: Skin              |    21 |    66 |    19 ||   106
  Dodge: Dodged            |    56 |   109 |    30 ||   195

Table legend: (Time is in decaauts)
 A = Elapsed time spent in this place.
 B = Non-inter-level travel time spent in this place.
 C = Inter-level travel time spent in this place.
 D = Time resting spent in this place.
 E = Time spent auto-exploring this place.
 F = Levels seen in this place.
 G = Mean time per level.
                   A        B        C        D        E       F      G
               +--------+--------+--------+--------+--------+-----+--------+
         Total |   4142 |   3121 |   1021 |      0 |   2299 |   5 |  828.4 |
       Dungeon |   4142 |   3121 |   1021 |      0 |   2299 |   5 |  828.4 |
               +--------+--------+--------+--------+--------+-----+--------+

Top non-repeatable levels by time:
     D:2: 1414 daAuts
     D:4: 1125 daAuts
     D:1: 888 daAuts
     D:3: 683 daAuts
     D:5: 30 daAuts
